 Dungeon Crawl Stone Soup version 0.27-a0-1296-g8ece459b43 (console) character file.

Game seed: 6046924587885156431

214 Hector the Chopper (level 5, -3/32 HPs)
             Began as a Gargoyle Abyssal Knight on June 16, 2021.
             Was a Believer of Lugonu.
             Slain by Menkaure (15 damage)
             ... on level 4 of the Dungeon.
             The game lasted 00:08:36 (4636 turns).

Hector the Chopper (Gargoyle Abyssal Knight)        Turns: 4636, Time: 00:08:36

Health: -3/32      AC: 10    Str: 16    XL:     5   Next: 92%
Magic:  6/6        EV: 11    Int: 13    God:    Lugonu [**....]
Gold:   63         SH:  0    Dex:  9    Spells: 4/4 levels left

rFire    . . .     SeeInvis .   a - +4 hand axe
rCold    . . .     Faith    .   (no shield)
rNeg     + . .     Spirit   .   b - +0 leather armour
rPois    ∞         Reflect  .   h - +0 helmet
rElec    +         Harm     .   (no cloak)
rCorr    .         Rampage  .   (no gloves)
Will     .....                  f - +1 pair of boots
Stlth    +.........             (no amulet)
HPRegen  0.10/turn              (no ring)
MPRegen  0.10/turn              (no ring)

@: no status effects
A: sickness immunity, AC +4, negative energy resistance 1, electricity
resistance, torment resistance 1, petrification resistance
a: Renounce Religion, Depart the Abyss, Bend Space


You were on level 4 of the Dungeon.
You worshipped Lugonu.
Lugonu was pleased with you.
You visited 1 branch of the dungeon, and saw 4 of its levels.
You visited the Abyss 1 time.

You collected 113 gold pieces.
You spent 50 gold pieces at shops.

Inventory:

Hand Weapons
 a - a +4 hand axe (weapon)
 t - a +1 hand axe
Missiles
 c - 109 stones
 d - 3 javelins
Armour
 b - a +0 leather armour (worn)
 f - a +1 pair of boots (worn)
 h - a +0 helmet (worn)
Magical Staves
 j - a staff of cold
Jewellery
 k - a ring of ice
Wands
 m - a wand of flame (8)
Scrolls
 e - 2 scrolls of identify
 o - a scroll of immolation
 r - a scroll of teleportation
Potions
 g - 2 potions of attraction {unknown}
 i - a potion of flight {unknown}
 n - a potion of berserk rage {unknown}
 q - a potion of haste {unknown}


   Skills:
 + Level 3.4 Fighting
 * Level 4.8 Axes
 + Level 2.3 Armour
 + Level 1.6 Dodging
 * Level 2.3 Invocations


You had 4 spell levels left.
You didn't know any spells.
Your spell library contained the following spells:

 Spells                   Type           Power      Damage    Failure   Level
 Beastly Appendage        Tmut           0%         N/A       36%         1
 Wereblood                Tmut           0%         N/A       50%         2
 Spider Form              Tmut/Pois      0%         N/A       73%         3
 Ice Form                 Ice/Tmut       0%         N/A       98%         4


Dungeon Overview and Level Annotations

Branches:
Dungeon (4/15)
 Temple: D:4-7

Altars:

Shops:
D:3 ?

Annotations:
D:2 Sigmund
D:4 Menkaure


Innate Abilities, Weirdness & Mutations

You are immune to sickness and miasma.
Your stone body is resilient. (AC +4)
You are immune to poison.
You resist negative energy. (rN+)
You are resistant to electric shocks. (rElec)
You are resistant to unholy torment.
You are immune to petrification.


Message History

As you read the scroll labelled YMEMNOUDWO, it crumbles to dust.
It is a scroll of enchant weapon.
Your +3 hand axe glows red for a moment.
Blink to where?
Press: ? - help, Dir - move target, f - you Are you sure you want to cancel this blink?
Okay, then.
As you read the scroll labelled LIG BUHAJIEN, it crumbles to dust.
It was a scroll of blinking.
As you read the scroll labelled FAWENIF QOQOIRHA, it crumbles to dust.
It is a scroll of enchant armour.
Your +0 pair of boots glows green for a moment.
As you read the scroll labelled ZUSEVA UDODO, it crumbles to dust.
The air around you briefly surges with heat, but it dissipates.
It was a scroll of immolation.
You start resting.
HP restored.
You climb upwards.
There is a stone staircase leading down here.
There is a stone staircase leading down here.
You climb downwards.
Found a crooked jewelled staff.
There is a stone staircase leading up here.
You see here a staff of cold.
j - a staff of cold Menkaure, Prince of Dust comes into view.
Menkaure hits you!
You hit Menkaure.
Menkaure is lightly damaged.
Menkaure shouts, "Why can't you leave me to my rest?"
Menkaure hits you.
You hit Menkaure but do no damage.
Menkaure is lightly damaged.
Menkaure barely misses you.
You hit Menkaure.
Menkaure is moderately damaged.
You barely miss Menkaure.
Menkaure is moderately damaged.
Menkaure hits you!
You die...

#...........##
##............#
#............#
#............#
#............#
#...........#
#<..........##
###..........###
####M@........
##..#..#####
#..##### #.##
... ..... ####..
#.. ##M


You could see Menkaure.

Vanquished Creatures
  An orc priest (D:3)
  A hound (D:2)
  Jessica (D:2)
  4 gnolls
  3 adders
  A worm (D:2)
  2 dart slugs
  5 orcs
  4 ball pythons
  A bat (D:2)
  3 endoplasms
  3 goblins (D:1)
  6 hobgoblins
  2 jackals (D:2)
  5 quokkas
  3 frilled lizards
  5 kobolds
  5 rats
55 creatures vanquished.

Notes
Turn   | Place    | Note
-------+----------+-------------------------------------------
     0 | Abyss:1  | Hector the Gargoyle Abyssal Knight began the quest for the
                  | Orb.
     0 | Abyss:1  | Reached XP level 1. HP: 14/14 MP: 2/2
     5 | D:1      | Escaped the Abyss
    33 | D:1      | Reached skill level 2 in Axes
   329 | D:1      | Reached XP level 2. HP: 15/19 MP: 3/3
   473 | D:1      | Found a faded altar of an unknown god.
   996 | D:1      | You fall into a shaft and drop 1 floor!
  1143 | D:2      | Reached skill level 3 in Axes
  1151 | D:2      | Noticed Jessica
  1158 | D:2      | Killed Jessica
  1159 | D:2      | Reached XP level 3. HP: 2/23 MP: 4/4
  1683 | D:2      | Reached XP level 4. HP: 23/28 MP: 5/5
  1819 | D:2      | Noticed Sigmund
  1890 | D:3      | Reached ** piety under Lugonu
  1891 | D:3      | Reached skill level 4 in Axes
  2967 | D:2      | Reached skill level 1 in Dodging
  2967 | D:2      | Reached XP level 5. HP: 13/32 MP: 6/6
  3516 | D:3      | Found Zupiyqo's Magic Scroll Shoppe.
  3526 | D:3      | Bought a scroll of teleportation for 30 gold pieces
  3526 | D:3      | Bought a scroll of identify for 20 gold pieces
  4621 | D:4      | Noticed Menkaure
  4636 | D:4      | Slain by Menkaure

Illustrated notes

Levels and vault maps discovered:
D:1:      dpeg_arrival_rooms_b, layout_loops_corners,
          ebering_ecumenical_altar_webs
D:2:      layout_basic, minivault_11, uniq_jessica, uniq_sigmund
D:3:      layout_rooms, serial_shops, shop
D:4:      kennysheep_spiral_hall, layout_cave_pods, serial_shops, shop,
          kennysheep_orc_chapel, uniq_pikel, uniq_menkaure, uniq_grinder

Skill      XL: |  1  2  3  4 |
---------------+-------------+-----
Axes           | 2 3 4 |  4.8
Dodging        | 1 |  1.6
Fighting       | |  3.4
Armour         | |  2.3
Invocations    | |  2.3

Action                   |  1- 3 |  4- 6 || total
-------------------------+-------+-------++-------
Melee: Hand axe          |    90 |   127 ||   217
  Use: Scroll            |       |     6 ||     6
Armor: Leather armour    |    34 |    57 ||    91
Dodge: Dodged            |    52 |    76 ||   128

Table legend: (Time is in decaauts)
 A = Elapsed time spent in this place.
 B = Non-inter-level travel time spent in this place.
 C = Inter-level travel time spent in this place.
 D = Time resting spent in this place.
 E = Time spent auto-exploring this place.
 F = Levels seen in this place.
 G = Mean time per level.
                   A        B        C        D        E       F      G
               +--------+--------+--------+--------+--------+-----+--------+
         Total |   4667 |   4371 |    296 |   1241 |   2484 |   5 |  933.4 |
       Dungeon |   4662 |   4366 |    296 |   1241 |   2483 |   4 | 1165.5 |
         Abyss |      5 |      5 |      0 |      0 |      1 |   1 |    5.0 |
               +--------+--------+--------+--------+--------+-----+--------+

Top non-repeatable levels by time:
     D:2: 2104 daAuts
     D:1: 1320 daAuts
     D:3: 1156 daAuts
     D:4: 81 daAuts
 Abyss:1: 5 daAuts
